 Dungeon Crawl Stone Soup version 0.31-a0-640-g39d97e502b (webtiles) character file.

Game seed: 6341436894043240831

55 rjrrt the Chopper (level 3, -3/46 HPs)
             Began as a Minotaur Berserker on Aug 28, 2023.
             Was a Believer of Trog.
             Slain by a gnoll
             ... wielding a +0 club
              (7 damage)
             ... on level 2 of the Dungeon.
             The game lasted 00:01:56 (1279 turns).

rjrrt the Chopper (Minotaur Berserker)              Turns: 1279, Time: 00:01:56

Health: -3/46      AC:  3    Str: 23    XL:     3   Next: 67%
Magic:  2/2        EV: 12    Int:  4    God:    Trog [**....]
Gold:   45         SH:  0    Dex:  9    Spells: 2/2 levels left

rFire   . . .        a - +0 hand axe
rCold   . . .        (no shield)
rNeg    . . .        b - +0 animal skin
rPois   .            (helmet restricted)
rElec   .            d - +0 cloak
rCorr   .            (no gloves)
SInv    .            (no boots)
Will    .....        l - amulet of regeneration Stlth
                     (no ring)
HPRegen 1.07/turn    (no ring)
MPRegen 0.08/turn

%: no passive effects
@: berserking, very quick
A: horns 2, retaliatory headbutt
a: Renounce Religion, Berserk, Trog's Hand


You were on level 2 of the Dungeon.
You worshipped Trog.
Trog was pleased with you.
You visited 1 branch of the dungeon, and saw 2 of its levels.

You collected 45 gold pieces.

Inventory:

Hand Weapons
 a - a +0 hand axe (weapon)
Armour
 b - a +0 animal skin (worn)
 d - a +0 cloak (worn)
Jewellery
 l - an amulet of regeneration (around neck)
Scrolls
 e - a scroll of noise {unknown}
 f - a scroll of fear {unknown}
 g - a scroll of amnesia {unknown}
 h - a scroll of torment {unknown}
 i - a scroll of enchant armour {unknown}
 k - a scroll of summoning {unknown}
 n - a scroll of teleportation {unknown}
 o - a scroll of brand weapon {unknown}
Potions
 c - a potion of might {unknown}
 j - a potion of enlightenment {unknown}
 m - a potion of degeneration {unknown}


   Skills:
 - Level 3.6 Fighting
 + Level 5.7 Axes
 - Level 2.4 Armour
 - Level 2.1 Dodging


You had 2 spell levels left.
You didn't know any spells.
Your spell library was empty.

Dungeon Overview and Level Annotations

Branches:
Dungeon (2/15)

Altars:

Shops:
D:1 (


Innate Abilities, Weirdness & Mutations

You have a pair of horns on your head.
You reflexively headbutt those who attack you in melee.


Message History

A gnoll comes into view. It is wielding a +0 spear.
The gnoll shouts!
The jackal barks!
You slash the jackal!
You kill the jackal!
Trog accepts your kill.
A gnoll comes into view. It is wielding a +0 club.
The gnoll shouts!
The jackal closely misses you. You furiously retaliate!
You headbutt the jackal. You barely miss the jackal.
The jackal is lightly wounded.
The jackal bites you but does no damage.
The jackal barely misses you.
You hit the jackal but do no damage. Your headbutt misses the jackal.
The jackal is lightly wounded.
The jackal closely misses you.
You barely miss the jackal.
The jackal is lightly wounded.
The jackal bites you but does no damage.
The gnoll barely misses you. The jackal barely misses you.
You hit the jackal but do no damage.
The jackal is lightly wounded.
You hit the gnoll. The jackal barely misses you. You furiously retaliate!
You headbutt the jackal.
You kill the jackal!
Trog accepts your kill. The gnoll hits you with a +0 club.
The gnoll hits you from afar with a +0 spear!
You barely miss the gnoll.
The gnoll is moderately wounded.
The gnoll hits you with a +0 club. The gnoll misses you.
Unknown command.
The gnoll hits you with a +0 club!
* * * LOW HITPOINT WARNING * * *
The gnoll hits you with a +0 spear!
* * * LOW HITPOINT WARNING * * *
A red film seems to cover your vision as you go berserk!
You feel yourself moving faster!
You feel mighty! The gnoll hits you with a +0 club!
You die... ##..♣..♣♣..P♣.. #...♣♣.♣♣.♣... ♣♣ ##...P♣..♣♣.♣P...♣♣.P. #...♣..♣.♣♣§♣ ...P♣... ♣.♣...♣♣.♣§♣. gP......

♣..♣♣...♣§♣♣.♣§♣.P..#
....♣.♣.♣♣.♣.♣♣.♣....#
. ###
♣...P.♣.♣.♣.g...#...
♣♣♣♣...♣...♣.†@g......
♣...♣.................
♣P.♣..♣.♣.....###.....
##P.♣♣.♣......# ..##
###..♣♣♣.♣...# .'.
###.♣.♣♣.♣..... ##
♣♣.♣♣♣.♣.♣.♣. #.♣
..♣♣.♣P. ####.♣♣ ♣...♣


You could see 2 gnolls.

Vanquished Creatures
  An adder (D:2)
  2 worms (D:2)
  3 ball pythons
  4 bats
  2 endoplasms (D:2)
  6 goblins
  A hobgoblin (D:2)
  4 jackals
  2 quokkas
  A frilled lizard (D:1)
  7 kobolds
  3 rats
36 creatures vanquished.

Notes
Turn   | Place    | Note
-------+----------+-------------------------------------------
     0 | D:1      | rjrrt the Minotaur Berserker began the quest for the Orb.
     0 | D:1      | Reached XP level 1. HP: 19/19 MP: 0/0
    71 | D:1      | Reached skill level 4 in Axes
   172 | D:1      | Noticed a +0 demon blade
   173 | D:1      | Found Lyomakhlu's Weapon Boutique.
   175 | D:1      | Noticed a +0 quick blade
   183 | D:1      | Reached XP level 2. HP: 26/26 MP: 1/1
  1077 | D:2      | Reached skill level 5 in Axes
  1078 | D:2      | Reached XP level 3. HP: 31/31 MP: 2/2
  1235 | D:2      | Reached ** piety under Trog
  1279 | D:2      | Slain by a gnoll

Illustrated notes

Levels and vault maps discovered:
D:1:      dpeg_arrival_boxorama, layout_basic, serial_shops,
          nicolae_shop_mannequins
D:2:      wad_woods_settlement, layout_basic, kennysheep_cross_bottleneck,
          minmay_heptomino_d4

Skill      XL: |  1  2 |
---------------+-------+-----
Axes           | 4 5 |  5.7
Fighting       | |  3.6
Armour         | |  2.4
Dodging        | |  2.1

Action                     || total
---------------------------++-------
  Melee: Hand axe          ||    68
         Headbutt          ||     9
         Punch             ||     1
 Invoke: Berserk           ||     1
 Armour: Animal skin       ||    14
  Dodge: Dodged            ||    52

Table legend: (Time is in decaauts)
 A = Elapsed time spent in this place.
 B = Non-inter-level travel time spent in this place.
 C = Inter-level travel time spent in this place.
 D = Time resting spent in this place.
 E = Time spent auto-exploring this place.
 F = Levels seen in this place.
 G = Mean time per level.
                   A        B        C        D        E       F      G
               +--------+--------+--------+--------+--------+-----+--------+
         Total |   1282 |   1275 |      7 |     65 |    960 |   2 |  641.0 |
       Dungeon |   1282 |   1275 |      7 |     65 |    960 |   2 |  641.0 |
               +--------+--------+--------+--------+--------+-----+--------+

Top non-repeatable levels by time:
     D:1: 910 daAuts
     D:2: 371 daAuts
